XFBL
OAKLAND ATHLETICS @ DETROIT TIGERS
05/20/1982
 
TOP OF THE 1ST
Oakland Athletics batting - Pitching for Detroit Tigers : RHP Matt Wiseman
Pitching: RHP Matt Wiseman
Batting: RHB Scott Fletcher 0-0: Called Strike
0-1: Foul Ball, location: 2F
0-2: Foul Ball, location: 2F
0-2: Foul Ball, location: 2F
0-2: SINGLE (Line Drive, 8RS, EV 88.1 MPH)
Batting: LHB Ruppert Jones 0-0: Called Strike
0-1: Swinging Strike
0-2: Strikes out looking
Batting: RHB Dave Henderson 0-0: Foul Ball, location: 2F
0-1: Ball
1-1: Ball
2-1: Called Strike
2-2: SINGLE (Groundball, 6M, EV 83.8 MPH) (infield hit)
Scott Fletcher to second
Batting: LHB Reggie Jackson 0-0: Called Strike
Scott Fletcher steals 3rd base
0-1: Foul Ball, location: 2F
0-2: Ball
Passed Ball!
Scott Fletcher scores
Dave Henderson to second
1-2: Ball
2-2: Ball
3-2: Strikes out swinging
Batting: RHB George Hendrick 0-0: Ball
1-0: Ball
2-0: Called Strike
2-1: SINGLE (Groundball, 56D, EV 110.6 MPH)
Dave Henderson to third
Runner from 3rd tries for Home, SAFE, throw by LF to home
George Hendrick to second
Batting: RHB Earl C Williams 0-0: Ground out 3-1 (Groundball, 34, EV 86.3 MPH)
Top of the 1st over - 2 runs, 3 hits, 0 errors, 1 left on base; Oakland 2 - Detroit 0
BOTTOM OF THE 1ST
Detroit Tigers batting - Pitching for Oakland Athletics : RHP Danny Darwin
Pitching: RHP Danny Darwin
Batting: SHB Lee Mazzilli 0-0: Ball
1-0: Called Strike
1-1: Foul Ball, location: 2F
1-2: Ball
2-2: Foul Ball, location: 2F
2-2: Ball
3-2: Base on Balls
Batting: RHB Rusty Tillman 0-0: Called Strike
0-1: Ball
1-1: Fielders Choice at 2nd, 6-4 (Groundball, 6, EV 105.6 MPH)
Batting: SHB Tony Phillips 0-0: Foul Ball, location: 2F
0-1: Ball
1-1: Fielders Choice at 2nd, 3-6 (Groundball, 3, EV 89.4 MPH)
Batting: LHB Greg Brock 0-0: Swinging Strike
0-1: Ball
1-1: Ground out 4-3 (Groundball, 34, EV 100.0 MPH)
Bottom of the 1st over - 0 runs, 0 hits, 0 errors, 1 left on base; Oakland 2 - Detroit 0
TOP OF THE 2ND
Oakland Athletics batting - Pitching for Detroit Tigers : RHP Matt Wiseman
Batting: LHB Ben Oglivie 0-0: Called Strike
0-1: Fly out, F8 (Flyball, 8RM, EV 80.0 MPH)
Batting: RHB Barry Evans 0-0: Foul Ball, location: 2F
0-1: Ball
1-1: Called Strike
1-2: Fly out, F6 (Popup, P, EV 80.0 MPH)
Batting: RHB Fred Andrews 0-0: SINGLE (Line Drive, 8LS, EV 93.1 MPH)
Batting: RHB Scott Fletcher 0-0: Ground out 4-3 (Groundball, 4, EV 98.1 MPH)
Top of the 2nd over - 0 runs, 1 hit, 0 errors, 1 left on base; Oakland 2 - Detroit 0
BOTTOM OF THE 2ND
Detroit Tigers batting - Pitching for Oakland Athletics : RHP Danny Darwin
Batting: RHB Dave Kingman 0-0: Swinging Strike
0-1: Swinging Strike
0-2: Fly out, F8 (Flyball, 78XD, EV 98.1 MPH)
Batting: RHB Tack Wilson 0-0: Bunt missed!
0-1: Foul Ball, location: 2F
0-2: Ball
1-2: Ball
2-2: Fly out, F7 (Flyball, 7, EV 84.4 MPH)
Batting: RHB Jose Hidalgo 0-0: Ball
1-0: Ball
2-0: Foul Ball, location: 2F
2-1: Foul Ball, location: 2F
2-2: Fly out, F7 (Flyball, 7, EV 78.1 MPH)
Bottom of the 2nd over - 0 runs, 0 hits, 0 errors, 0 left on base; Oakland 2 - Detroit 0
TOP OF THE 3RD
Oakland Athletics batting - Pitching for Detroit Tigers : RHP Matt Wiseman
Batting: LHB Ruppert Jones 0-0: Swinging Strike
0-1: Ground out 4-3 (Groundball, 4D, EV 110.0 MPH)
Batting: RHB Dave Henderson 0-0: Ball
1-0: Swinging Strike
1-1: Swinging Strike
1-2: Strikes out swinging
Batting: LHB Reggie Jackson 0-0: Called Strike
0-1: Foul Ball, location: 2F
0-2: Strikes out swinging
Top of the 3rd over - 0 runs, 0 hits, 0 errors, 0 left on base; Oakland 2 - Detroit 0
BOTTOM OF THE 3RD
Detroit Tigers batting - Pitching for Oakland Athletics : RHP Danny Darwin
Batting: LHB Dan Graham 0-0: Called Strike
0-1: Swinging Strike
0-2: Ball
1-2: Fly out, F9 (Line Drive, 9, EV 88.1 MPH)
Batting: RHB Mike Sproles 0-0: Foul Ball, location: 2F
0-1: Ball
1-1: Ground out 6-3 (Groundball, 6, EV 98.1 MPH)
Batting: SHB Lee Mazzilli 0-0: Foul Ball, location: 2F
0-1: Ground out 4-3 (Groundball, 4, EV 95.0 MPH)
Bottom of the 3rd over - 0 runs, 0 hits, 0 errors, 0 left on base; Oakland 2 - Detroit 0
TOP OF THE 4TH
Oakland Athletics batting - Pitching for Detroit Tigers : RHP Matt Wiseman
Batting: RHB George Hendrick 0-0: Ball
1-0: SINGLE (Groundball, 6MD, EV 94.4 MPH)
Batting: RHB Earl C Williams 0-0: Called Strike
0-1: Ball
1-1: Swinging Strike
1-2: Ball
2-2: Ball
3-2: Foul Ball, location: 2F
3-2: Foul Ball, location: 2F
3-2: Strikes out looking
George Hendrick is caught stealing 2nd base 2-4
Batter strikes out.
Batting: LHB Ben Oglivie 0-0: Ball
1-0: Ground out U3 (Groundball, 3L, EV 82.5 MPH)
Top of the 4th over - 0 runs, 1 hit, 0 errors, 0 left on base; Oakland 2 - Detroit 0
BOTTOM OF THE 4TH
Detroit Tigers batting - Pitching for Oakland Athletics : RHP Danny Darwin
Batting: RHB Rusty Tillman 0-0: Ball
1-0: Fly out, F1 (Line Drive, P, EV 66.9 MPH)
Batting: SHB Tony Phillips 0-0: Ball
1-0: Ball
2-0: Swinging Strike
2-1: Foul Ball, location: 2F
2-2: Ball
3-2: SOLO HOME RUN (Flyball, 9D, EV 102.5 MPH), Distance : 391 ft
Batting: LHB Greg Brock 0-0: Called Strike
0-1: Ball
1-1: Ball
2-1: Ball
3-1: Called Strike
3-2: SINGLE (Line Drive, 8LM, EV 100.6 MPH)
Batting: RHB Dave Kingman 0-0: Called Strike
0-1: Ball
1-1: Called Strike
1-2: Fly out, F8 (Line Drive, 8RM, EV 98.8 MPH)
Batting: RHB Tack Wilson 0-0: Ball
1-0: Foul Ball, location: 2F
1-1: Ball
2-1: Foul Ball, location: 2F
2-2: Fly out, F6 (Line Drive, 6, EV 67.5 MPH)
Bottom of the 4th over - 1 run, 2 hits, 0 errors, 1 left on base; Oakland 2 - Detroit 1
TOP OF THE 5TH
Oakland Athletics batting - Pitching for Detroit Tigers : RHP Matt Wiseman
Batting: RHB Barry Evans 0-0: Swinging Strike
0-1: Ball
1-1: Foul Ball, location: 2F
1-2: Foul Ball, location: 2F
1-2: Ball
2-2: Foul Ball, location: 2F
2-2: Ball
3-2: Base on Balls
Batting: RHB Fred Andrews 0-0: Sac Bunt to P - play at first, batter OUT! 1-4
Barry Evans to second
Batting: RHB Scott Fletcher 0-0: Ball
1-0: DOUBLE (Line Drive, 78M, EV 93.8 MPH)
Barry Evans scores
Batting: LHB Ruppert Jones 0-0: Intentional Walk
Batting: RHB Dave Henderson 0-0: Foul Ball, location: 2F
0-1: Fly out, F8 (Flyball, 8RS, EV 90.0 MPH)
Batting: LHB Reggie Jackson 0-0: Foul Ball, location: 2F
0-1: Swinging Strike
0-2: Ball
1-2: Ball
2-2: Foul Ball, location: 2F
2-2: Ball
3-2: Ground out 5-3 (Groundball, 56, EV 81.3 MPH)
Top of the 5th over - 1 run, 1 hit, 0 errors, 2 left on base; Oakland 3 - Detroit 1
BOTTOM OF THE 5TH
Detroit Tigers batting - Pitching for Oakland Athletics : RHP Danny Darwin
Batting: RHB Jose Hidalgo 0-0: Foul Ball, location: 2F
0-1: Ball
1-1: Ball
2-1: Ball
3-1: Called Strike
3-2: Fly out, F9 (Flyball, 9LM, EV 73.8 MPH)
Batting: LHB Dan Graham 0-0: Called Strike
0-1: Ball
1-1: Foul Ball, location: 2F
1-2: Ball
2-2: Foul Ball, location: 2F
2-2: SINGLE (Line Drive, 89M, EV 107.5 MPH)
Batting: RHB Mike Sproles 0-0: Fielders Choice at 2nd, 4-6 (Groundball, 4, EV 84.4 MPH)
Batting: SHB Lee Mazzilli 0-0: Hit by Pitch
Mike Sproles to second
Batting: RHB Rusty Tillman 0-0: Ball
1-0: Foul Ball, location: 2F
1-1: Foul Ball, location: 2F
1-2: Strikes out swinging
Bottom of the 5th over - 0 runs, 1 hit, 0 errors, 2 left on base; Oakland 3 - Detroit 1
TOP OF THE 6TH
Oakland Athletics batting - Pitching for Detroit Tigers : RHP Matt Wiseman
Batting: RHB George Hendrick 0-0: Ball
1-0: Foul Ball, location: 2F
1-1: Ball
2-1: Swinging Strike
2-2: Foul Ball, location: 2F
2-2: Ball
3-2: Fly out, F8 (Line Drive, 8LM, EV 102.5 MPH)
Batting: RHB Earl C Williams 0-0: Swinging Strike
0-1: SINGLE (Line Drive, 8LS, EV 100.0 MPH)
Batting: LHB Ben Oglivie 0-0: Ball
1-0: Ball
2-0: Foul Ball, location: 2F
2-1: Fielders Choice at 2nd, 3-6 (Groundball, 34, EV 86.3 MPH)
Batting: RHB Barry Evans 0-0: Ball
1-0: Ball
2-0: Fly out, F4 (Popup, 4D, EV 72.5 MPH)
Top of the 6th over - 0 runs, 1 hit, 0 errors, 1 left on base; Oakland 3 - Detroit 1
BOTTOM OF THE 6TH
Detroit Tigers batting - Pitching for Oakland Athletics : RHP Danny Darwin
Batting: SHB Tony Phillips 0-0: Ball
1-0: SINGLE (Groundball, 34D, EV 105.0 MPH)
Batting: LHB Greg Brock 0-0: Called Strike
0-1: Called Strike
0-2: Foul Ball, location: 2F
0-2: Ground out 4-3 (Groundball, 4, EV 80.6 MPH)
Tony Phillips to second
Batting: RHB Dave Kingman 0-0: Called Strike
0-1: Foul Ball, location: 2F
0-2: Strikes out swinging
Batting: RHB Tack Wilson 0-0: Swinging Strike
0-1: Called Strike
0-2: Strikes out swinging, 2-3 out at first.
Bottom of the 6th over - 0 runs, 1 hit, 0 errors, 1 left on base; Oakland 3 - Detroit 1
TOP OF THE 7TH
Oakland Athletics batting - Pitching for Detroit Tigers : RHP Matt Wiseman
Batting: RHB Fred Andrews 0-0: Called Strike
0-1: Fly out, F8 (Line Drive, 8RM, EV 90.6 MPH)
Batting: RHB Scott Fletcher 0-0: Foul Ball, location: 2F
0-1: Ball
1-1: Foul Ball, location: 2F
1-2: Ground out U3 (Groundball, 34, EV 81.3 MPH)
Batting: LHB Ruppert Jones 0-0: Foul Ball, location: 2F
0-1: Ground out 4-3 (Groundball, 4, EV 88.8 MPH)
Top of the 7th over - 0 runs, 0 hits, 0 errors, 0 left on base; Oakland 3 - Detroit 1
BOTTOM OF THE 7TH
Detroit Tigers batting - Pitching for Oakland Athletics : RHP Danny Darwin
Batting: RHB Jose Hidalgo 0-0: Ground out U3 (Groundball, 3S, EV 91.9 MPH)
Batting: LHB Dan Graham 0-0: Reached on error, E5 (Groundball, 56, EV 85.6 MPH)
Batting: RHB Mike Sproles 0-0: Called Strike
0-1: Foul Ball, location: 2F
0-2: SINGLE (Groundball, 6MD, EV 101.3 MPH)
Dan Graham to second
Batting: SHB Lee Mazzilli 0-0: Ball
Dan Graham is caught stealing 3rd base 2-5
Mike Sproles to second
1-0: Called Strike
1-1: Ball
2-1: Ball
Passed Ball!
Mike Sproles to third
3-1: Ground out U3 (Groundball, 34S, EV 83.8 MPH)
Bottom of the 7th over - 0 runs, 1 hit, 1 error, 1 left on base; Oakland 3 - Detroit 1
TOP OF THE 8TH
Oakland Athletics batting - Pitching for Detroit Tigers : RHP Matt Wiseman
Batting: RHB Dave Henderson 0-0: DOUBLE (Line Drive, 9LS, EV 107.5 MPH)
Batting: LHB Reggie Jackson 0-0: Intentional Walk
Batting: RHB George Hendrick 0-0: Grounds into double play, 6-4-3 (Groundball, 56, EV 110.0 MPH)
Dave Henderson to third
Batting: RHB Earl C Williams 0-0: Fly out, F7 (Flyball, 7S, EV 86.3 MPH)
Top of the 8th over - 0 runs, 1 hit, 0 errors, 1 left on base; Oakland 3 - Detroit 1
BOTTOM OF THE 8TH
Detroit Tigers batting - Pitching for Oakland Athletics : RHP Danny Darwin
Batting: RHB Rusty Tillman 0-0: Ball
1-0: Foul Ball, location: 2F
1-1: Ball
2-1: Ball
3-1: Base on Balls
Batting: SHB Tony Phillips 0-0: Called Strike
0-1: Called Strike
0-2: Foul Ball, location: 2F
0-2: Ball
1-2: Ball
2-2: Ball
3-2: Base on Balls
Rusty Tillman to second
Batting: LHB Greg Brock 0-0: Fly out, F8 (Flyball, 78XD, EV 109.4 MPH)
Runner from 2nd tags up, SAFE at 3rd, no throw by CF
Batting: RHB Dave Kingman 0-0: Ball
1-0: Called Strike
1-1: Ball
2-1: Fly out, F8 (Flyball, 8RS, EV 97.5 MPH)
Batting: RHB Tack Wilson 0-0: Foul Ball, location: 2F
0-1: Ball
1-1: Swinging Strike
1-2: Ball
2-2: Ball
3-2: Foul Ball, location: 2F
3-2: Ground out 6-3 (Groundball, 6, EV 86.3 MPH)
Bottom of the 8th over - 0 runs, 0 hits, 0 errors, 2 left on base; Oakland 3 - Detroit 1
TOP OF THE 9TH
Oakland Athletics batting - Pitching for Detroit Tigers : RHP Matt Wiseman
Batting: LHB Ben Oglivie 0-0: Ball
1-0: SINGLE (Groundball, 34D, EV 99.4 MPH)
Batting: RHB Barry Evans 0-0: Ball
1-0: Ball
2-0: Swinging Strike
2-1: Foul Ball, location: 2F
2-2: Ball
3-2: Fly out, F8 (Flyball, 8LS, EV 93.8 MPH)
Batting: RHB Fred Andrews Pickoff Throw to First - Error! E1
Ben Oglivie to second
0-0: Ball
1-0: Ball
2-0: Ground out 3-1 (Groundball, 34, EV 100.0 MPH)
Ben Oglivie to third
Batting: RHB Scott Fletcher 0-0: Foul Ball, location: 2F
0-1: SINGLE (Line Drive, 4MD, EV 100.0 MPH)
Ben Oglivie scores
Pitching: RHP David Steuber
Batting: LHB Ruppert Jones 0-0: Ball
Scott Fletcher is caught stealing 2nd base 2-6
Top of the 9th over - 1 run, 2 hits, 1 error, 0 left on base; Oakland 4 - Detroit 1
BOTTOM OF THE 9TH
Detroit Tigers batting - Pitching for Oakland Athletics : RHP Danny Darwin
Batting: RHB Jose Hidalgo 0-0: SINGLE (Line Drive, 8LS, EV 92.5 MPH)
Batting: LHB Dan Graham 0-0: Ball
1-0: Foul Ball, location: 2F
1-1: Ball
2-1: Foul Ball, location: 2F
2-2: Foul Ball, location: 2F
2-2: Ball
3-2: Foul Ball, location: 2F
3-2: Strikes out looking
Jose Hidalgo is caught stealing 2nd base 2-6
Batter strikes out.
Batting: RHB Mike Sproles 0-0: Ball
1-0: Ball
2-0: Called Strike
2-1: Foul Ball, location: 2F
2-2: Ground out 6-3 (Groundball, 6, EV 107.5 MPH)
Bottom of the 9th over - 0 runs, 1 hit, 0 errors, 0 left on base; Oakland 4 - Detroit 1
Friday, July 31st, 2020 - OOTP Baseball 21.5 Build 76